 Dungeon Crawl Stone Soup version 0.31-a0-214-gb37851dbb3 (webtiles) character file.

Game seed: 4509823050558335662

757 qw the Chopper (level 7, -1/44 HPs)
             Began as a Gargoyle Fighter on July 1, 2023.
             Was an Initiate of Okawaru.
             Slain by an orc warrior
             ... wielding a +0 trident
              (4 damage)
             ... on level 8 of the Dungeon.
             The game lasted 00:02:03 (4249 turns).

qw the Chopper (Gargoyle Fighter)                   Turns: 4249, Time: 00:02:04

Health: -1/44      AC: 12    Str: 22    XL:     7   Next: 79%
Magic:  7/7        EV: 10    Int:  8    God:    Okawaru [......]
Gold:   264        SH:  0    Dex:  9    Spells: 6/6 levels left

rFire   . . .        Y - +0 war axe (freeze)
rCold   . . .        c - +0 buckler
rNeg    + . .        b - +0 scale mail
rPois   inf          (no helmet)
rElec   +            g - +0 cloak
rCorr   .            (no gloves)
SInv    .            (no boots)
Will    .....        (no amulet) Stlth
                     (no ring)
HPRegen 0.27/turn    (no ring)
MPRegen 0.10/turn

%: no passive effects
@: confused
A: sickness immunity, AC +4, negative energy resistance 1, electricity
resistance, torment resistance 1, petrification resistance
a: Renounce Religion


You were on level 8 of the Dungeon.
You worshipped Okawaru.
Okawaru was noncommittal.
You visited 2 branches of the dungeon, and saw 7 of its levels.

You collected 264 gold pieces.


Innate Abilities, Weirdness & Mutations

You are immune to sickness and miasma.
Your stone body is resilient. (AC +4)
You are immune to poison.
You resist negative energy. (rN+)
You are resistant to electric shocks. (rElec)
You are resistant to unholy torment.
You are immune to petrification.


   Skills:
 + Level 4.3 Fighting
 - Level 7.0 Axes
 - Level 3.2 Armour
 - Level 2.1 Dodging
 - Level 3.2 Shields


You had 6 spell levels left.
You didn't know any spells.
Your spell library was empty.

Inventory:

Hand Weapons
 h - a +0 flail
 Y - a +0 war axe of freezing (weapon)
Armour
 b - a +0 scale mail (worn)
 c - a +0 buckler (worn)
 g - a +0 cloak (worn)
Wands
 m - a wand of digging (1)
Scrolls
 a - 2 scrolls of identify
Potions
 d - 2 potions of might
 e - a potion of attraction
 i - 2 potions of haste
 j - 2 potions of lignification
 l - a potion of mutation {unknown}
 n - 3 potions of curing {unknown}

Dungeon Overview and Level Annotations

Branches:
Dungeon (8/15)             Temple (1/1) D:5
   Lair: D:8-11

Altars:
Ashenzari
Dithmenos
Elyvilon
Gozag
Hepliaklqana
Kikubaaqudgha
Makhleb
Nemelex Xobeh
Okawaru
Qazlal
Trog
Uskayaw
Vehumet
Wu Jian
Xom
Yredelemnul
Zin


Message History

The orc wizard is lightly wounded.
You hit the orc warrior. You freeze the orc warrior.
The orc wizard hits you with a +0 dagger.
You block the orc warrior's attack.
You hit the orc warrior. You freeze the orc warrior.
The orc warrior is heavily wounded.
You slash the orc wizard! You freeze the orc wizard.
The orc warrior hits you with a +0 trident.
The orc wizard hits you but does no damage.
The orc warrior hits you but does no damage.
You barely miss the orc wizard.
The orc wizard is almost dead.
You closely miss the orc warrior. The orc wizard completely misses you.
The orc warrior hits you with a +0 trident.
You slash the orc wizard! You freeze the orc wizard.
You kill the orc wizard!
Okawaru accepts your kill.
You barely miss the orc warrior.
The orc warrior hits you with a +0 trident.
You barely miss the orc warrior.
The orc warrior is heavily wounded.
You closely miss something.
You hear some strange, mumbled words.
Deactivating autopickup; reactivate with Ctrl-A.
You are confused.
The orc warrior hits you with a +0 trident!
4245 ||| DRINKING potion of heal wounds.
You feel much better. Something hits you.
The orc warrior hits you with a +0 trident.
Something hits you but does no damage.
The orc warrior hits you with a +0 trident.
Something hits you but does no damage.
The orc warrior hits you with a +0 trident.
Something hits you but does no damage.
The orc warrior hits you with a +0 trident!
Something hits you.
The orc warrior hits you with a +0 trident.
You die...

##.##
.... .#.#
... oo
##o# #o{#
# #@# #
#.##)##.#
#.).....#
####.####
#.# #>#
#.# #.##
#..#


You could see an orc warrior and 3 orcs.

Vanquished Creatures
  Sigmund (D:2)
  A black bear (D:4)
  An ogre (D:5)
  A phantom (D:5)
  A jelly (D:4)
  A sleepcap (D:5)
  Ijyb (D:5)
  2 iguanas (D:5)
  An orc wizard (D:8)
  3 gnolls (D:5)
  6 adders
  An ufetubus (D:5)
  2 worms
  A dart slug (D:1)
  9 orcs
  5 ball pythons
  8 endoplasms
  2 giant cockroaches
  7 goblins
  9 hobgoblins
  12 jackals
  3 quokkas
  4 bats
  A frilled lizard (D:3)
  2 kobolds (D:3)
  7 rats
92 creatures vanquished.

Notes
Turn   | Place    | Note
-------+----------+-------------------------------------------
     0 | D:1      | qw the Gargoyle Fighter began the quest for the Orb.
     0 | D:1      | Reached XP level 1. HP: 14/14 MP: 1/1
     0 | D:1      | 0 ||| qw: Version: 0.3-a-32-g5962c71
     0 | D:1      | 0 ||| qw: Game counter: 7501
     0 | D:1      | 0 ||| qw: Melee chars always use a shield: true
     0 | D:1      | 0 ||| qw: God list: Okawaru
     0 | D:1      | 0 ||| qw: Allow faded altars: false
     0 | D:1      | 0 ||| qw: Do Orc after clearing Dungeon:15 true
     0 | D:1      | 0 ||| qw: Do second Lair branch before Depths: true
     0 | D:1      | 0 ||| qw: Lair rune preference: random
     0 | D:1      | 0 ||| qw: Goals: Normal, Zot:1-4, Slime:5, God:TSO, Crypt,
                  | Tomb, Abyss, Pan, Hells, Win
     0 | D:1      | 0 ||| PLANNING D:1-11
    38 | D:1      | Reached skill level 2 in Axes
    97 | D:1      | Reached XP level 2. HP: 13/19 MP: 2/2
   172 | D:1      | 172 ||| Stepping ~*~*~tactically~*~*~ (stealth).
   260 | D:1      | 260 ||| Stepping ~*~*~tactically~*~*~ (stealth).
   268 | D:1      | 268 ||| Stepping ~*~*~tactically~*~*~ (stealth).
   277 | D:1      | Reached skill level 3 in Axes
   420 | D:1      | Reached XP level 3. HP: 22/23 MP: 3/3
   446 | D:1      | 446 ||| Stepping ~*~*~tactically~*~*~ (stealth).
   655 | D:1      | 655 ||| READING 3 scrolls labelled ODYSASUERR.
   656 | D:1      | 656 ||| READING scroll labelled UMPIOG SUUSEIM.
   657 | D:1      | 657 ||| READING scroll labelled TIUSIU PODU.
   658 | D:1      | 658 ||| READING 2 scrolls of identify.
   658 | D:1      | 658 ||| IDENTIFYING fuming puce potion
   659 | D:1      | 659 ||| DROPPING potion of berserk rage.
   696 | D:2      | 696 ||| DROPPING +0 club.
   697 | D:2      | Found a faded altar of an unknown god.
   908 | D:2      | Reached XP level 4. HP: 28/28 MP: 4/4
   917 | D:2      | 917 ||| Stepping ~*~*~tactically~*~*~ (stealth).
   959 | D:2      | 959 ||| Stepping ~*~*~tactically~*~*~ (stealth).
   963 | D:2      | 963 ||| Stepping ~*~*~tactically~*~*~ (stealth).
   970 | D:2      | 970 ||| Stepping ~*~*~tactically~*~*~ (stealth).
   973 | D:2      | Reached skill level 4 in Axes
  1002 | D:2      | 1002 ||| DROPPING +0 mace.
  1053 | D:2      | Noticed Sigmund
  1064 | D:2      | Killed Sigmund
  1065 | D:2      | Reached skill level 5 in Axes
  1065 | D:2      | Reached XP level 5. HP: 15/32 MP: 5/5
  1065 | D:2      | Reached XP level 6. HP: 17/37 MP: 6/6
  1185 | D:2      | 1185 ||| READING scroll labelled HESAPS HEKIY.
  1186 | D:2      | 1186 ||| READING scroll labelled GISSORIJOO.
  1187 | D:2      | 1187 ||| READING scroll labelled RIZAXEPNAE.
  1188 | D:2      | 1188 ||| DRINKING 2 grey potions.
  1269 | D:3      | Found a shimmering altar of Xom.
  1322 | D:3      | Found a radiant altar of Vehumet.
  1928 | D:3      | 1928 ||| UPGRADING to +0 cloak.
  1933 | D:3      | 1933 ||| READING 2 scrolls labelled JAHOCEBBET.
  1936 | D:3      | 1936 ||| READING 2 scrolls of identify.
  1936 | D:3      | 1936 ||| IDENTIFYING viscous grey potion
  2043 | D:4      | 2043 ||| Stepping ~*~*~tactically~*~*~ (stealth).
  2154 | D:4      | 2154 ||| Stepping ~*~*~tactically~*~*~ (stealth).
  2155 | D:4      | 2155 ||| Stepping ~*~*~tactically~*~*~ (stealth).
  2381 | D:4      | 2381 ||| Stepping ~*~*~tactically~*~*~ (stealth).
  2539 | D:4      | Found a glowing silver altar of Zin.
  2540 | D:4      | Found an opulent altar of Gozag.
  2540 | D:4      | Noticed a black bear
  2546 | D:4      | Killed a black bear
  2716 | D:4      | Found a broken altar of Ashenzari.
  2971 | D:4      | 2971 ||| READING scroll labelled WUL SONGOAC.
  2972 | D:4      | 2972 ||| READING 2 scrolls labelled PEMOULIUHA.
  2973 | D:4      | 2973 ||| READING 2 scrolls of identify.
  2973 | D:4      | 2973 ||| IDENTIFYING purple potion
  2974 | D:4      | 2974 ||| DROPPING scroll of poison.
  3008 | D:5      | Entered Level 5 of the Dungeon
  3030 | D:5      | Found a staircase to the Ecumenical Temple.
  3031 | D:5      | 3031 ||| PLANNING TEMPLE
  3039 | Temple   | Entered the Ecumenical Temple
  3051 | Temple   | 3051 ||| PLANNING OKAWARU WORSHIP
  3217 | Temple   | Became a worshipper of Warmaster Okawaru
  3218 | Temple   | 3218 ||| PLANNING D:1-11
  3243 | D:5      | Reached skill level 6 in Axes
  3243 | D:5      | Reached XP level 7. HP: 39/43 MP: 7/7
  3356 | D:5      | 3356 ||| FLEEEEING.
  3357 | D:5      | 3357 ||| FLEEEEING.
  3358 | D:5      | 3358 ||| FLEEEEING.
  3359 | D:5      | 3359 ||| FLEEEEING.
  3360 | D:5      | 3360 ||| FLEEEEING.
  3600 | D:5      | Noticed Ijyb
  3608 | D:5      | Killed Ijyb
  3951 | D:5      | Reached * piety under Okawaru
  3952 | D:5      | Reached skill level 7 in Axes
  3952 | D:5      | 3952 ||| INVOKING Heroism.
  3953 | D:5      | HP: 10/43 [black bear (1)]
  3954 | D:5      | 3954 ||| READING scroll of teleportation.
  3955 | D:5      | 3955 ||| DRINKING 3 potions of heal wounds.
  4189 | D:5      | You fall into a shaft and drop 3 floors!
  4232 | D:8      | HP: 3/43 [orc warrior/+0 trident (8)]
  4233 | D:8      | 4233 ||| DRINKING 2 potions of heal wounds.
  4244 | D:8      | HP: 6/44 [orc warrior/+0 trident (9)]
  4245 | D:8      | 4245 ||| DRINKING potion of heal wounds.
  4249 | D:8      | HP: 3/44 [something (1)]
  4249 | D:8      | Slain by an orc warrior

Levels and vault maps discovered:
D:1:      saegor_arrival_simple_d, layout_basic, kennysheep_nondescript
D:2:      layout_rooms, ebering_ecumenical_altar_sacrificial,
          minmay_misc_feat_five, uniq_sigmund
D:3:      layout_basic, mainiacjoe_overflow_small_starburst,
          mainiacjoe_overflow_paths, serial_glass, glass_columns_b,
          glass_columns_c
D:4:      layout_basic, grunt_temple_overflow_gold_and_silver,
          lemuel_round_altar
D:5:      layout_cave_pods, minmay_temple_entry_sparse_star,
          serial_column_ruins, column_ruins_hut_pillars,
          column_ruins_open_small_water, column_ruins_grid_3,
          column_ruins_grid_3, column_ruins_columns_straight,
          column_ruins_open_medium, column_ruins_corridor_straight,
          column_ruins_open_tiny, uniq_ijyb
D:8:      layout_loops_cross, fedhas_altar_3, ebering_ghost_xom, serial_shops,
          nicolae_shop_rolled_up, uniq_pikel
Temple:   nicolae_temple_slightly_damp_pantheon

Skill      XL: |  1  2  3  4  5  6  7 |
---------------+----------------------+-----
Axes           | 2 3 5 6 7 |  7.0
Fighting       | 4 |  4.3
Dodging        | 2 |  2.1
Armour         | |  3.2
Shields        | |  3.2

Action                     |  1- 3 |  4- 6 |  7- 9 || total
---------------------------+-------+-------+-------++-------
  Melee: War axe           |   103 |   120 |    78 ||   301
 Invoke: Heroism           |       |       |     1 ||     1
    Use: Scroll            |     4 |     8 |     1 ||    13
         Potion            |       |     1 |     3 ||     4
 Armour: Scale mail        |    57 |    43 |    57 ||   157
  Dodge: Dodged            |    51 |    41 |    57 ||   149
  Block: Buckler           |    23 |    18 |    23 ||    64

Table legend:
 A = Non-vault XP
 B = Vault XP
 C = Vault XP percentage of total XP
 D = Non-vault monster count
 E = Vault monster count
 F = Vault count percentage of total count
                 A         B        C        D         E       F
            +---------+---------+-------+---------+---------+-------
      Total |     815 |     267 |  24.7 |      90 |       2 |   2.2
            +---------+---------+-------+---------+---------+-------
        D:1 |      44 |       0 |   0.0 |      23 |       0 |   0.0
        D:2 |      61 |     231 |  79.1 |      16 |       1 |   5.9
        D:3 |      24 |       0 |   0.0 |      12 |       0 |   0.0
        D:4 |     231 |       0 |   0.0 |      17 |       0 |   0.0
        D:5 |     414 |      36 |   8.0 |      19 |       1 |   5.0
        D:8 |      41 |       0 |   0.0 |       3 |       0 |   0.0
            +---------+---------+-------+---------+---------+-------
